Map: Deathaura LE

Players

INnoVation

  • Race: Terran Terran
  • Spawn Location: 5:00

Reynor - Winner!

  • Race: Zerg Zerg
  • Spawn Location: 11:00

Event: DreamHack SC2 Masters 2020 Winter

VOD

Have the link to the VOD?

Description

Time

  • Played on: Nov. 11, 2020, 9:52 a.m.
  • Length: 16:24

All games in this series

Show
View Real Time Build Order
Export as new Build Order

INnoVation Terran 

Build Orders: Hellion Opening, Reaper Expand 

Get SALT Encoding   

  12  0:00  SCV  
  13  0:12  SCV  
  14  0:17  Supply Depot  
  14  0:24  SCV  
  15  0:38  SCV  
  15  0:39  Barracks  
  16  0:43  Refinery  
  16  0:50  SCV  
  17  1:02  SCV  
  18  1:14  SCV  
  19  1:26  Reaper  
  19  1:27  Orbital Command  
  20  1:39  Command Center  
  20  1:48  Supply Depot  
  20  1:52  SCV  
  21  1:58  Marine  
  22  2:04  SCV  
  23  2:11  Factory  
  23  2:16  SCV  
  23  2:20  Barracks Reactor  
  24  2:29  SCV  
  25  2:37  Command Center  
  25  2:41  SCV  
  26  2:51  Orbital Command  
  26  2:53  SCV  
  27  2:59  Starport  
  27  3:04  Refinery  
  27  3:05  SCV  
  27  3:11  Hellion  
  30  3:15  Hellion  
  30  3:19  SCV x2  
  34  3:21  Barracks Tech Lab  
  34  3:31  SCV x2  
  36  3:35  Hellion  
  36  3:36  Hellion  
  36  3:39  Viking  
  41  3:45  SCV x2  
  41  3:47  Marine  
  44  3:50  Orbital Command  
  44  3:56  Hellion  
  44  3:58  Hellion  
  44  4:00  Stimpack  
  44  4:01  SCV  
  50  4:02  SCV  
  50  4:09  Marine  
  51  4:11  Starport Reactor  
  51  4:12  Supply Depot  
  51  4:13  SCV  
  51  4:14  SCV  
  53  4:27  SCV x2, Barracks  
  53  4:28  SCV  
  53  4:29  Marine  
  53  4:30  Barracks, Factory Reactor  
  57  4:35  Supply Depot  
  57  4:40  SCV  
  57  4:41  SCV x2  
  60  4:46  Engineering Bay  
  60  4:50  Engineering Bay  
  60  4:53  SCV x3  
  60  4:55  Refinery x2  
  60  4:56  Marine  
  64  5:03  Supply Depot  
  64  5:05  SCV x3  
  59  5:14  Marine x2  
  59  5:16  Terran Infantry Armor Level 1, Terran Infantry Weapons Level 1  
  59  5:17  SCV x2, Factory Reactor  
  63  5:22  Marine  
  63  5:26  Barracks  
  63  5:27  Barracks  
  64  5:29  Marine x2  
  64  5:31  Medivac  
  64  5:32  Marine, Medivac, Orbital Command  
  64  5:35  SCV x2  
  73  5:42  Supply Depot  
  71  5:43  Combat Shield  
  71  5:44  Supply Depot  
  71  5:47  SCV x2  
  71  5:49  Marine x3  
  75  5:50  Marine  
  75  5:55  Missile Turret  
  77  5:57  Missile Turret  
  77  5:58  Widow Mine  
  77  6:00  Missile Turret  
  77  6:01  Widow Mine  
  81  6:06  SCV x3  
  84  6:11  Marine x2  
  84  6:12  Marine x2  
  84  6:14  Barracks Reactor x2  
  84  6:18  Armory  
  88  6:21  Factory, SCV x3  
  91  6:27  Refinery x2  
  91  6:32  Marine x5  
  94  6:33  SCV x3  
  94  6:34  Refinery  
  94  6:36  Medivac  
  101  6:43  Supply Depot  
  101  6:44  Medivac  
  101  6:45  Widow Mine x2, SCV x2  
  101  6:46  SCV  
  110  6:47  Supply Depot  
  108  6:57  SCV  
  108  6:58  SCV x2  
  108  6:59  Marine x9  
  117  7:06  Supply Depot  
  117  7:09  Widow Mine x2, Supply Depot  
  117  7:14  Terran Infantry Weapons Level 2  
  117  7:15  Terran Infantry Armor Level 2  
  121  7:20  SCV x2, Factory Tech Lab  
  121  7:23  SCV  
  121  7:28  Medivac x2  
  126  7:30  Terran Vehicle And Ship Armor Level 1  
  126  7:32  SCV  
  126  7:33  Widow Mine x2  
  130  7:37  Drilling Claws  
  130  7:39  SCV x2  
  130  7:42  Supply Depot  
  130  7:43  Supply Depot  
  132  7:44  SCV  
  132  7:49  Thor  
  139  8:01  Widow Mine x2, Command Center  
  139  8:04  Bunker  
  143  8:06  Supply Depot x2, Medivac x2  
  147  8:22  Barracks  
  147  8:23  Barracks x2  
  147  8:26  Marine x8  
  155  8:31  Widow Mine x2  
  155  8:32  Thor  
  163  8:40  SCV x3  
  166  8:46  Supply Depot, Marine x2  
  166  8:47  Marine x6, Marauder  
  176  8:52  SCV x3  
  176  8:55  Widow Mine  
  181  9:03  Supply Depot  
  181  9:04  Supply Depot  
  181  9:07  Marine x2, Medivac x2  
  181  9:08  Widow Mine, Missile Turret  
  189  9:10  Barracks Tech Lab  
  189  9:11  Barracks Tech Lab x2, Concussive Shells  
  187  9:18  Thor  
  187  9:22  Widow Mine  
  195  9:29  Widow Mine  
  186  9:36  Terran Infantry Armor Level 3, Terran Infantry Weapons Level 3  
  186  9:37  Planetary Fortress  
  184  9:38  Marine  
  184  9:39  Marine x2  
  187  9:47  Marauder x3  
  187  9:49  Marine  
  187  9:50  Marine x3  
  193  9:54  Widow Mine x2  
  193  9:57  Medivac x2  
  196  10:06  Marine x2, Marauder  
  200  10:08  Marauder  
  200  10:12  Marine x8  
  190  10:21  Thor  
  190  10:23  Widow Mine x2  
  200  10:37  Command Center  
  198  10:48  Widow Mine x2  
  198  10:49  Medivac x2  
  158  10:50  Marine x7, Marauder x3  
  158  10:52  Marine  
  172  10:57  Marine  
  172  11:04  Thor  
  173  11:08  Marine x6  
  173  11:09  Widow Mine  
  173  11:10  Widow Mine  
  189  11:12  Marauder x3  
  194  11:21  Medivac x2  
  198  11:30  Marine  
  198  11:32  Marine x2  
  200  11:35  Widow Mine x2  
  200  11:39  Marine, Marauder x3  
  200  11:42  Marine x5  
  187  11:48  Marine  
  187  11:49  Marine  
  187  11:50  Marine  
  187  11:51  Medivac x2  
  180  11:57  Marine  
  180  12:00  Marine x5  
  180  12:01  Marauder x3  
  181  12:05  Widow Mine x2, Marine  
  181  12:07  Marine x2  
  177  12:09  SCV  
  177  12:10  SCV x3  
  177  12:15  Marine  
  172  12:18  Marine x5  
  172  12:19  Missile Turret  
  172  12:21  Marine x2  
  172  12:22  SCV x3, Marine  
  183  12:23  Marine  
  180  12:38  SCV x2  
  180  12:39  SCV, Marine  
  180  12:40  Marauder x3  
  180  12:42  Marine  
  191  12:44  Marine  
  191  12:48  Medivac x2  
  191  12:50  SCV x2  
  198  12:57  Missile Turret  
  197  13:01  Marauder x2  
  200  13:05  SCV  
  189  13:20  Marine  
  189  13:22  Marine x8  
  189  13:23  Marine, Marauder x2  
  197  13:29  Widow Mine  
  197  13:30  Widow Mine  
  197  13:33  Medivac x2  
  197  13:38  Marine  
  197  13:40  Marine x7  
  197  13:41  Marine, Marauder  
  197  13:44  Marine  
  197  13:45  Marauder  
  195  13:56  Marine  
  195  13:58  Marine x7  
  165  14:27  Marine x5, Marauder x3  
  138  14:39  Barracks Tech Lab, Marine  
  138  14:44  Widow Mine x2  
  143  14:48  Marauder  
  143  14:49  Marauder x2  
  143  14:50  Marine x3  
  143  14:51  Marine  
  151  14:55  Marine  
  148  15:00  Orbital Command  
  140  15:09  Marine x3  
  117  15:15  Marine x3  
  111  15:25  Marine  
  111  15:26  Marine x4  
  109  15:33  Marauder  
  99  15:41  SCV  
  94  15:44  Marauder  
  94  15:45  SCV  
  88  15:52  Widow Mine x2  
  88  15:54  Marine  
Show
View Real Time Build Order
Export as new Build Order

Reynor Zerg - Winner!

Build Orders: Hatch First, Muta Ling Bane 

Get SALT Encoding   

  12  0:00  Drone  
  13  0:12  Overlord  
  13  0:17  Drone  
  14  0:30  Drone  
  14  0:31  Drone  
  16  0:47  Hatchery  
  15  0:51  Drone  
  15  0:55  Drone  
  17  0:57  Drone  
  18  1:09  Extractor  
  17  1:13  Spawning Pool  
  17  1:16  Drone  
  17  1:20  Drone  
  18  1:28  Drone  
  19  1:39  Drone  
  20  1:49  Overlord  
  20  1:59  Queen  
  20  2:00  Queen, Zergling x4  
  26  2:10  Drone  
  26  2:11  Drone  
  26  2:12  Metabolic Boost  
  28  2:21  Drone x2  
  30  2:32  Drone x2  
  30  2:35  Queen  
  34  2:37  Queen  
  34  2:42  Overlord  
  36  2:47  Overlord  
  36  3:01  Drone  
  36  3:02  Drone  
  38  3:06  Drone x2  
  38  3:07  Drone x3  
  38  3:10  Drone x3  
  46  3:18  Drone x2  
  48  3:20  Lair  
  48  3:31  Hatchery  
  47  3:38  Drone  
  47  3:39  Drone x3, Extractor  
  50  3:46  Baneling Nest  
  50  3:47  Extractor  
  50  3:48  Drone x2  
  50  3:51  Overlord  
  50  3:53  Drone  
  52  3:55  Drone  
  52  3:57  Overlord  
  52  4:02  Extractor  
  51  4:04  Drone  
  51  4:09  Drone x3  
  55  4:17  Overseer  
  55  4:18  Zergling x2  
  55  4:20  Zergling x6  
  59  4:24  Spire  
  59  4:26  Queen  
  60  4:31  Baneling x2  
  60  4:32  Baneling  
  60  4:34  Zergling x6  
  62  4:41  Overlord  
  62  4:47  Drone  
  62  4:48  Drone x2  
  62  4:50  Overlord  
  65  4:57  Overlord  
  65  5:00  Drone x2  
  65  5:02  Drone x4  
  65  5:05  Queen  
  73  5:08  Overlord  
  72  5:15  Drone x2  
  72  5:21  Drone  
  75  5:33  Overlord  
  75  5:36  Mutalisk x5  
  85  5:45  Mutalisk x2  
  85  5:47  Drone  
  85  5:48  Overlord  
  90  5:51  Drone  
  90  5:52  Drone x3  
  90  5:53  Evolution Chamber, Drone x2  
  90  5:54  Drone  
  90  5:55  Evolution Chamber  
  95  5:57  Drone, Zerg Flyer Weapons Level 1  
  95  6:01  Drone  
  97  6:07  Drone x2  
  97  6:10  Centrifical Hooks  
  99  6:11  Drone  
  99  6:14  Drone  
  99  6:15  Drone x2, Extractor  
  99  6:17  Drone, Extractor  
  102  6:20  Hatchery  
  102  6:22  Mutalisk x2  
  102  6:23  Overlord  
  105  6:27  Zergling x2  
  106  6:33  Zerg Ground Armor Level 1  
  106  6:38  Overlord  
  106  6:42  Drone x2  
  106  6:43  Drone x4  
  106  6:45  Zerg Melee Weapons Level 1  
  106  6:46  Mutalisk  
  112  6:49  Overlord  
  114  6:57  Drone x3  
  114  6:58  Drone  
  114  6:59  Drone x4  
  122  7:01  Overlord  
  122  7:08  Mutalisk x2  
  122  7:10  Baneling x5  
  122  7:15  Mutalisk  
  128  7:16  Zergling x4  
  128  7:20  Overlord  
  128  7:21  Zergling x10  
  135  7:23  Hatchery  
  135  7:24  Drone, Pneumatized Carapace  
  135  7:25  Mutalisk  
  137  7:30  Zergling x2  
  137  7:31  Overlord  
  137  7:32  Drone x3  
  137  7:37  Mutalisk  
  141  7:39  Drone  
  141  7:43  Baneling x2  
  141  7:44  Baneling x3, Zergling x6  
  144  7:45  Overseer  
  144  7:47  Overlord  
  147  7:51  Mutalisk, Extractor  
  147  7:55  Extractor, Zergling x12  
  153  7:59  Drone x5, Queen  
  153  8:03  Baneling x10  
  160  8:07  Overlord  
  160  8:10  Zergling x6  
  163  8:18  Baneling x6, Overseer  
  164  8:20  Drone x5  
  164  8:24  Overlord  
  164  8:25  Zerg Flyer Weapons Level 2  
  168  8:32  Zergling x16  
  176  8:36  Overseer  
  176  8:39  Mutalisk x2  
  180  8:42  Drone x3  
  180  8:47  Overlord  
  184  8:48  Drone x2  
  184  8:49  Drone x2  
  184  8:51  Zerg Ground Armor Level 2  
  184  8:54  Zerg Melee Weapons Level 2  
  184  8:55  Overlord  
  187  8:59  Spore Crawler  
  187  9:00  Spine Crawler  
  187  9:01  Mutalisk  
  187  9:03  Zergling x4  
  187  9:04  Zergling x2  
  190  9:10  Hatchery  
  190  9:13  Infestation Pit  
  190  9:14  Zergling x24  
  190  9:16  Overlord  
  200  9:19  Baneling x2  
  200  9:20  Baneling x6  
  190  9:38  Mutalisk x4  
  190  9:45  Baneling, Extractor  
  197  9:46  Baneling x10  
  192  9:53  Zergling x16  
  197  10:00  Zergling x6  
  197  10:02  Hive  
  199  10:12  Zergling x14  
  199  10:13  Zergling x16  
  199  10:17  Zergling x6  
  200  10:22  Baneling  
  200  10:23  Baneling x10  
  198  10:42  Unknown, Zerg Flyer Armor Level 1  
  186  10:46  Zergling x10  
  186  10:47  Zergling x36  
  192  10:52  Mutalisk  
  192  10:54  Baneling x7  
  192  10:55  Mutalisk x2  
  198  11:00  Drone  
  199  11:05  Baneling x2  
  199  11:06  Baneling x9  
  199  11:11  Baneling x8  
  199  11:12  Hatchery  
  199  11:16  Zerg Ground Armor Level 3  
  199  11:17  Zerg Melee Weapons Level 3  
  198  11:20  Baneling x8  
  198  11:29  Zergling x12  
  198  11:31  Zergling x2  
  198  11:38  Zergling x18  
  196  11:46  Zergling x14  
  196  11:47  Queen, Zergling x16  
  197  11:53  Zergling x14  
  194  12:00  Zergling x4  
  194  12:01  Zergling x6  
  195  12:05  Zergling x2  
  187  12:13  Zergling x12  
  182  12:16  Baneling x4  
  182  12:17  Baneling x9, Ultralisk Cavern  
  182  12:19  Mutalisk x2  
  184  12:22  Mutalisk x2  
  184  12:23  Mutalisk x2  
  184  12:29  Baneling x8  
  192  12:32  Zergling x6  
  184  12:40  Zergling x8  
  184  12:41  Baneling  
  184  12:42  Baneling x10  
  184  12:43  Zergling x2  
  184  12:44  Baneling x5  
  188  12:46  Drone  
  188  12:47  Drone x4  
  188  12:48  Zergling x16  
  188  12:49  Baneling x11  
  194  13:02  Zergling x14  
  197  13:15  Zergling x6  
  192  13:24  Ultralisk x2  
  179  13:35  Zergling x34  
  179  13:40  Baneling x13  
  195  13:41  Ultralisk, Zergling x2  
  195  13:46  Zergling x4  
  195  13:47  Overlord  
  196  13:48  Zergling x4  
  196  13:52  Baneling  
  196  13:53  Baneling x7  
  196  13:55  Zergling x4  
  191  13:59  Baneling x15  
  191  14:01  Mutalisk x3  
  192  14:03  Zergling x2  
  192  14:04  Zergling x2  
  192  14:05  Baneling x8  
  192  14:08  Queen  
  197  14:10  Chitinous Plating, Zergling x6  
  197  14:11  Zergling x2  
  197  14:15  Zergling x4  
  173  14:26  Zergling x18  
  173  14:28  Zergling x2  
  173  14:35  Ultralisk x3  
  173  14:38  Queen, Zergling x4  
  191  14:39  Baneling Nest  
  191  14:42  Hatchery  
  191  14:44  Zergling x8  
  195  14:51  Adrenal Glands  
  193  14:53  Hatchery, Zergling x2  
  193  14:54  Zergling x6  
  193  14:58  Queen  
  197  15:00  Zergling x6  
  188  15:11  Ultralisk, Zergling x2  
  188  15:13  Zergling x10  
  174  15:15  Queen x2  
  174  15:16  Overseer x3  
  177  15:22  Zergling x2  
  177  15:23  Zergling x4  
  176  15:29  Zergling x10  
  176  15:30  Zergling x4  
  176  15:33  Zergling x4  
  185  15:38  Drone  
  181  15:44  Ultralisk, Zergling x6  
  187  15:52  Zergling x6  
  187  15:55  Baneling x8  
  188  16:05  Zergling x16  
  188  16:06  Zergling x4  
  188  16:08  Drone  
Tags
 
Add a new tag
Caveats
  • Supply blocks, unpowered buildings, or Contaminate may cause inaccurate times.
  • Supply counts are checked every 10 seconds.